 Dungeon Crawl Stone Soup version 0.31-a0-664-g902f515a81 (webtiles) character file.

Game seed: 17989019397780265064

973 jlumianski the Magician (level 8, -1/8 HPs)
             Began as a Djinni Fire Elementalist on Sept 2, 2023.
             Shot with a sling bullet by a goblin (5 damage)
             ... on level 4 of the Dungeon.
             The game lasted 00:25:54 (3238 turns).

jlumianski the Magician (Djinni Fire Elementalist)  Turns: 3238, Time: 00:25:55

Health: -1/8       AC:  7    Str: 17    XL:     8   Next: 39%
Gold:   185        EV:  9    Int: 19    God:
                   SH:  0    Dex: 14

rFire   + + .        b - melded +0 dagger
rCold   x . .        (shield currently unavailable)
rNeg    . . .        l - melded +0 troll leather armour {Pargi}
rPois   ∞            x - melded +0 helmet
rElec   .            H - melded +0 cloak
rCorr   .            f - melded +0 pair of gloves
SInv    .            (boots unavailable)
Will    .....        (no amulet)
Stlth   ++           g - +4 ring of protection
HPRegen 0.21/turn    o - ring of wizardry
MPRegen 0.00/turn

%: wizardry (x1), infuse magic (-2 HP)
@: dragon-form, flying
A: dragon claw, dragon scales, breathe fire, flying, reduced hp, sickness
immunity, giant, (fire resistance 2), (cold vulnerability 1), float, innate
caster, HP casting, extra vitality 1
a: Breathe Fire, Begin Untransformation


You were on level 4 of the Dungeon.
You were a fearsome dragon!
You visited 1 branch of the dungeon, and saw 5 of its levels.
You also visited: Sewer.

You collected 185 gold pieces.

Inventory:

Hand Weapons
 b - a +0 dagger (melded)
 G - a +4 quarterstaff of chaos
 J - a +2 whip of electrocution
Missiles
 c - 38 stones
 e - 3 throwing nets
 n - 5 silver javelins
 F - 3 poisoned darts
Armour
 a - a +0 robe
 f - a +0 pair of gloves (melded)
 l - a +0 troll leather armour (melded) {Pargi}
 x - a +0 helmet (melded)
 H - a +0 cloak (melded)
Magical Staves
 B - a staff of cold
Jewellery
 g - a +4 ring of protection (left foreclaw)
 k - a +4 ring of protection
 o - a ring of wizardry (right foreclaw)
 p - a +4 ring of protection
 y - a +4 ring of protection
Talismans
 d - a dragon-blood talisman (active)
 h - a flux talisman
Wands
 w - a wand of flame (24)
Scrolls
 i - a scroll of vulnerability
 j - a scroll of teleportation
 r - a scroll of brand weapon
 s - a scroll of fog
 A - a scroll of fear {unknown}
 D - a scroll of blinking
 I - a scroll of immolation
Potions
 m - a potion of might {unknown}
 q - 2 potions of curing
 t - a potion of resistance {unknown}
 u - a potion of cancellation {unknown}
 v - a potion of heal wounds {unknown}
 z - a potion of lignification {unknown}
 C - a potion of enlightenment {unknown}
 E - a potion of attraction {unknown}


   Skills:
 * Level 4.2 Fighting
 - Level 0.1 Short Blades
 - Level 0.5 Armour
 + Level 4.0 Dodging
 + Level 3.2 Stealth
 * Level 1.1 Unarmed Combat
 - Level 4.4 Spellcasting
 - Level 4.4 Conjurations
 - Level 4.4 Hexes
 - Level 4.4 Summonings
 - Level 4.4 Necromancy
 - Level 4.4 Translocations
 - Level 4.4 Transmutations
 - Level 4.4 Fire Magic
 - Level 4.4 Ice Magic
 - Level 4.4 Air Magic
 - Level 4.4 Earth Magic
 - Level 4.4 Poison Magic
 * Level 3.4 Shapeshifting


You knew the following spells:

 Your Spells              Type           Power      Damage    Failure   Level
a - Foxfire               Conj/Fire      84%        2x1d8     1%          1
b - Scorch                Fire           42%        2d6       1%          2
c - Volatile Blastmotes   Fire/Tloc      42%        2d13      2%          3
d - Inner Flame           Hex/Fire       21%        N/A       2%          3
e - Flame Wave            Conj/Fire      21%        2d8       9%          4
f - Slow                  Hex            84%        N/A       1%          1
g - Lesser Beckoning      Tloc           42%        N/A       1%          2
h - Summon Guardian Gole  Hex/Summ       21%        N/A       2%          3
Your spell library was empty.

Dungeon Overview and Level Annotations

Branches:
Dungeon (5/15)              Sewer (visited)
 Temple: D:4-7

Altars:
Okawaru
Ru
Trog
Zin

Shops:
D:4 =


Innate Abilities, Weirdness & Mutations

You are a fearsome dragon!
You have a powerful clawing attack.
Your giant scaled body is strong and resilient, but less evasive.
You can breathe fire.
You are flying.
Your maximum health is decreased, since you lack skill for your form.
Your armour is entirely melded.
You are incapable of wielding weapons or throwing items.
You are immune to sickness and miasma.
You are immune to poison.
((Your flesh is very heat resistant. (rF++)))
((You are vulnerable to cold. (rC-)))
You float through the air rather than walking.
You learn spells naturally, not from books.
Your magical power is your life essence.
You have superior vitality. (+4 MHP)


Message History

Press: ? - help, Q - select action, (/) - cycle Dir - look around, f - activate
Okay, then.
The helpless frilled lizard fails to defend itself.
You hit the frilled lizard.
The frilled lizard is heavily wounded.
The frilled lizard bites you but does no damage.
You claw the frilled lizard!
You kill the frilled lizard!
You see here an amulet of guardian spirit.
You see here a +0 whip.
Done exploring.
Done exploring.
What level of the Dungeon? (default 3, ? - help)
There is a stone staircase leading up here.
There is a stone staircase leading down here.
You fly downwards.
There is a stone staircase leading up here.
You see here a +0 robe.
Found a stone staircase leading down.
There is a stone staircase leading down here.
You fly downwards.
Found a scroll of immolation.
There is a stone staircase leading up here.
I - a scroll of immolation
There is a stone staircase leading up here.
You fly upwards.
There is a stone staircase leading down here.
Things that are here:
a +0 robe; a +2 whip of electrocution
J - a +2 whip of electrocution You see here a +0 robe.
A quokka comes into view.
A goblin comes into view. It is wielding a +0 dagger.
The goblin shouts!
The goblin unwields a +0 dagger.
The goblin wields a +0 sling.
The goblin shoots a sling bullet.
The sling bullet hits you.
Ouch! That really hurt!
The goblin shoots a sling bullet.
The sling bullet hits you.
Ouch! That really hurt!
You die...

###.....##
##........##
###..........##
##............g#
#.............r#
#.............#
###
#............#
##.#
#......D....#
#...
#........#..#
##.# .#
#.#######..##
##... ..# ##.##
#.... #..# ##.##
##... #..# ##..#
##.... #..##
##..## ##.....
#...##..##
#...... #######
#...#.###
##.....


You could see a quokka and a goblin.

Vanquished Creatures
  Pikel (D:4)
  Sigmund (D:2)
  Pargi (Sewer)
  A phantom (D:4)
  A lemure (D:4)
  Crazy Yiuf (D:2)
  An iguana (D:4)
  Natasha (D:4)
  A gnoll (D:2)
  3 adders
  A worm (D:4)
  3 dart slugs
  9 ball pythons
  2 bats (D:1)
  2 endoplasms
  8 giant cockroaches
  8 goblins
  4 hobgoblins
  7 jackals
  3 kobolds
  5 quokkas
  8 frilled lizards
  2 rats (D:1)
74 creatures vanquished.

Vanquished Creatures (collateral kills)
  A foxfire (D:2)
1 creature vanquished.

Vanquished Creatures (others)
  125 foxfires
125 creatures vanquished.

Grand Total: 200 creatures vanquished

Notes
Turn   | Place    | Note
-------+----------+-------------------------------------------
     0 | D:1      | jlumianski the Djinni Fire Elementalist began the quest for
                  | the Orb.
     0 | D:1      | jlumianski set off with the following spells memorised:
                  | Foxfire, Scorch, Volatile Blastmotes, Inner Flame, Flame
                  | Wave.
     0 | D:1      | Reached XP level 1. HP: 15/15 MP: 0/0
   130 | D:1      | Reached XP level 2. HP: 20/21 MP: 0/0
   235 | D:2      | Reached XP level 3. HP: 21/26 MP: 0/0
   235 | D:2      | Learned a level 1 spell: Slow
   283 | D:2      | Noticed Sigmund
   838 | D:2      | Reached skill level 1 in Fighting
   838 | D:2      | Reached skill level 1 in Unarmed Combat
   838 | D:2      | Reached XP level 4. HP: 30/32 MP: 0/0
   902 | D:3      | Found a faded altar of an unknown god.
  1165 | D:3      | Found a sacrificial altar of Ru.
  1246 | D:4      | Noticed a lemure
  1246 | D:4      | Noticed a phantom
  1246 | D:4      | Noticed Pikel
  1247 | D:4      | Noticed a lemure
  1257 | D:4      | Noticed a lemure
  1258 | D:4      | Noticed a lemure
  1273 | D:4      | Killed a phantom
  1274 | D:4      | Reached skill level 1 in Shapeshifting
  1274 | D:4      | Reached XP level 5. HP: 32/38 MP: 0/0
  1274 | D:4      | Learned a level 2 spell: Lesser Beckoning
  1294 | D:4      | Killed a lemure
  1294 | D:4      | Killed Pikel
  1295 | D:4      | Reached XP level 6. HP: 24/46 MP: 0/0
  1295 | D:4      | Reached XP level 7. HP: 26/50 MP: 0/0
  1295 | D:4      | Learned a level 3 spell: Summon Guardian Golem
  1309 | D:4      | Found an iron altar of Okawaru.
  1344 | D:4      | Found Xucray's Jewellery Emporium.
  1414 | D:5      | Entered Level 5 of the Dungeon
  1520 | D:4      | Noticed Natasha
  1548 | D:4      | Killed Natasha
  1646 | D:4      | Found a glowing drain.
  1670 | Sewer    | Entered a sewer
  1703 | Sewer    | Noticed Pargi
  1717 | Sewer    | Killed Pargi
  1718 | Sewer    | Reached XP level 8. HP: 52/58 MP: 0/0
  1940 | D:4      | Found a bloodstained altar of Trog.
  2296 | D:2      | Killed Sigmund
  2398 | D:2      | Found a runed translucent door.
  2399 | D:2      | Noticed Crazy Yiuf
  2406 | D:2      | Killed Crazy Yiuf
  2824 | D:3      | Found a glowing silver altar of Zin.
  3238 | D:4      | Shot with a sling bullet by a goblin

Illustrated notes

Levels and vault maps discovered:
D:1:      roderic_octagonal_star, layout_loops_corners
D:2:      layout_rooms, cheibrodos_gnoll_hut, uniq_crazy_yiuf_cottage,
          uniq_sigmund
D:3:      layout_loops_ring, old_standard_altar, zin_scriptorium,
          nicolae_ecumenical_pavilion, serial_bayou_lagoon_b
D:4:      layout_cave_pods, mainiacjoe_overflow_brackets,
          okawaru_ov_weapons_minmay, vehumet_crystals, serial_shops, shop,
          portal_sewer_entry_f, nicolae_figureground_pulse, uniq_pikel,
          uniq_natasha, uniq_eustachio
D:5:      layout_basic, mainiacjoe_overflow_alcove_2,
          mainiacjoe_overflow_chevrons, minmay_temple_entry_nine_rooms

Skill      XL: |  1  2  3  4  5  6  7  8 |
---------------+-------------------------+-----
Spellcasting   | 4 |  4.4
Conjurations   | 4 |  4.4
Hexes          | 4 |  4.4
Summonings     | 4 |  4.4
Necromancy     | 4 |  4.4
Translocations | 4 |  4.4
Transmutations | 4 |  4.4
Fire Magic     | 4 |  4.4
Ice Magic      | 4 |  4.4
Air Magic      | 4 |  4.4
Earth Magic    | 4 |  4.4
Poison Magic   | 4 |  4.4
Stealth        | 2 3 |  3.2
Fighting       | 1 3 4 |  4.2
Unarmed Combat | 1 |  1.1
Dodging        | 3 4 |  4.0
Shapeshifting  | 1 2 3 |  3.4
Short Blades   | |  0.1
Armour         | |  0.5

Action                     |  1- 3 |  4- 6 |  7- 9 || total
---------------------------+-------+-------+-------++-------
  Melee: Dagger            |    57 |     5 |    43 ||   105
         Unarmed           |       |       |     8 ||     8
   Cast: Foxfire           |    30 |     5 |    33 ||    68
         Scorch            |     1 |     6 |    11 ||    18
         Inner Flame       |       |     3 |     1 ||     4
         Volatile Blastmot |       |     1 |     3 ||     4
         Summon Guardian G |       |       |     1 ||     1
Ability: Breathe Fire      |       |       |     3 ||     3
    Use: Scroll            |       |     6 |     2 ||     8
         Potion            |       |     1 |       ||     1
   Stab: Sleeping          |     4 |     1 |     4 ||     9
 Armour: Robe              |    52 |     7 |    24 ||    83
         Troll leather arm |       |       |     8 ||     8
         Skin              |       |       |     6 ||     6
  Dodge: Dodged            |    56 |     8 |    33 ||    97
   Form: Dragon            |       |       |     1 ||     1

Table legend: (Time is in decaauts)
 A = Elapsed time spent in this place.
 B = Non-inter-level travel time spent in this place.
 C = Inter-level travel time spent in this place.
 D = Time resting spent in this place.
 E = Time spent auto-exploring this place.
 F = Levels seen in this place.
 G = Mean time per level.
                   A        B        C        D        E       F      G
               +--------+--------+--------+--------+--------+-----+--------+
         Total |   3245 |   3176 |     69 |    139 |   1345 |   6 |  540.8 |
       Dungeon |   3018 |   2949 |     69 |    139 |   1293 |   5 |  603.6 |
         Sewer |    226 |    226 |      0 |      0 |     52 |   1 |  226.0 |
               +--------+--------+--------+--------+--------+-----+--------+

Top non-repeatable levels by time:
     D:3: 981 daAuts
     D:2: 761 daAuts
     D:1: 658 daAuts
     D:4: 601 daAuts
   Sewer: 226 daAuts
     D:5: 15 daAuts
